 Dungeon Crawl Stone Soup version 0.29-a0-207-gf982a884d8 (webtiles) character file.

Game seed: 2061939517581315704

16305 drugrobin the Spear-Bearer (level 11, -6/91 HPs)
             Began as a Demigod Warper on Feb 23, 2022.
             Mangled by a killer bee (13 damage)
             ... on level 2 of the Lair of Beasts.
             The game lasted 01:24:20 (26117 turns).

drugrobin the Spear-Bearer (Demigod Warper)        Turns: 26117, Time: 01:24:21

Health: -6/91      AC: 11    Str: 24    XL:     11   Next: 79%
Magic:  17/17      EV: 11    Int: 15    God:
Gold:   404        SH:  3    Dex: 13    Spells: 0/13 levels left

rFire   . . .      SeeInvis .   a - +0 trident
rCold   x . .      Faith    .   m - +0 buckler
rNeg    . . .      Spirit   .   N - +2 leather armour "Dotiorr" {rC- Slay+4}
rPois   +          Reflect  .   (no helmet)
rElec   .          Harm     .   P - +0 cloak
rCorr   .          Rampage  .   (no gloves)
Will    +....                   y - +0 pair of boots
Stlth   ++........              i - amulet of magic regeneration
HPRegen 0.25/turn               l - +4 ring of protection
MPRegen 0.55/turn               Z - ring of poison resistance

@: studying Summonings
A: high MP 1, forlorn, divine attributes
a: no special abilities


You were on level 2 of the Lair of Beasts.
You visited 3 branches of the dungeon, and saw 14 of its levels.
You also visited: Ossuary.

You collected 1045 gold pieces.
You spent 641 gold pieces at shops.

Inventory:

Hand Weapons
 a - a +0 trident (weapon)
 b - a +4 hand crossbow of flaming
 c - a +2 dagger of venom
 U - the +4 bardiche of Iconoclasm {pain, Will+}
   (You bought it in a shop on level 3 of the Dungeon)

   In the hands of one skilled in necromantic magic, it inflicts extra damage on
   living creatures.
   Will:      It increases your willpower.
Missiles
 d - 2 boomerangs of dispersal
 p - 2 datura-tipped darts
 v - 17 poisoned darts
 Q - 3 boomerangs (quivered)
Armour
 m - a +0 buckler (worn)
 y - a +0 pair of boots (worn)
 F - the +0 pair of gloves of Impermeability {Rampage rElec rC- SInv}
   (You found it on level 5 of the Dungeon)

   rC:        It makes you vulnerable to cold.
   rElec:     It insulates you from electricity.
   SInv:      It lets you see invisible.
   Rampage:   It bestows one free step when moving towards enemies.
 N - the +2 leather armour "Dotiorr" (worn) {rC- Slay+4}
   (You bought it in a shop on level 2 of the Dungeon)

   Slay:      It affects your accuracy & damage with ranged weapons and melee
   (+4).
   rC:        It makes you vulnerable to cold.
 P - a +0 cloak (worn)
Jewellery
 i - an amulet of magic regeneration (around neck)
 l - a +4 ring of protection (left hand)
 r - a +6 ring of strength
 u - a +4 ring of slaying
 w - a ring of protection from cold
 A - a ring of ice
 Z - a ring of poison resistance (right hand)
Wands
 t - a wand of acid (10)
 V - a wand of polymorph (9)
 W - a wand of mindburst (5)
 Y - a wand of flame (10)
Scrolls
 e - 12 scrolls of teleportation
 n - 2 scrolls of enchant weapon
 o - a scroll of torment {unknown}
 q - 3 scrolls of enchant armour {unknown}
 x - 4 scrolls of magic mapping
 C - a scroll of vulnerability {unknown}
 G - 4 scrolls of fog {unknown}
 H - a scroll of immolation {unknown}
 I - 2 scrolls of noise {unknown}
 J - 2 scrolls of holy word {unknown}
 O - 4 scrolls of blinking
Potions
 f - 5 potions of heal wounds
 g - a potion of flight
 h - 2 potions of curing
 j - 3 potions of resistance
 k - a potion of invisibility
 s - 4 potions of haste
 z - 4 potions of might
 E - 2 potions of ambrosia
 K - 2 potions of lignification {unknown}
 M - a potion of mutation {unknown}
Miscellaneous
 R - a piece from Xom's chessboard (15/15)
 T - a phial of floods (inert)


   Skills:
 + Level 6.6 Fighting
 - Level 14.0 Polearms
 - Level 0.8 Throwing
 - Level 0.8 Armour
 - Level 2.0 Dodging
 - Level 2.0 Stealth
 - Level 1.7 Spellcasting
 - Level 4.5 Conjurations
 - Level 3.0 Summonings
 + Level 5.1 Necromancy
 - Level 6.0 Translocations
 + Level 2.4 Evocations


You couldn't memorise any spells.
You knew the following spells:

 Your Spells              Type           Power      Damage    Failure   Level
a - Blink                 Tloc           38%        N/A       4%          2
b - Teleport Other        Tloc           19%        N/A       9%          3
c - Summon Small Mammal   Summ           40%        N/A       11%         1
d - Conjure Flame         Conj/Fire      8%         6-21      38%         3
e - Vampiric Draining     Necr           16%        2d7       13%         3
q - Apportation           Tloc           38%        N/A       3%          1

Your spell library contained the following spells:

 Spells                   Type           Power      Damage    Failure   Level
 Animate Skeleton         Necr           32%        N/A       4%          1
 Gell's Gravitas          Tloc           19%        N/A       9%          3
 Lesser Beckoning         Tloc           19%        N/A       9%          3
 Foxfire                  Conj/Fire      32%        2x1d5     14%         1
 Shock                    Conj/Air       32%        1d5       14%         1
 Slow                     Hex            4%         N/A       34%         1
 Iskenderun's Mystic Bla  Conj/Tloc      17%        2d5       36%         4
 Animate Dead             Necr           8%         N/A       38%         4
 Manifold Assault         Tloc           19%        N/A       63%         5
 Confusing Touch          Hex            1%         N/A       71%         3
 Inner Flame              Hex/Fire       1%         N/A       71%         3
 Swiftness                Air            1%         N/A       71%         3
 Flame Wave               Conj/Fire      8%         2d5       80%         4
 Fulminant Prism          Conj/Hex       4%         3d6       80%         4
 Airstrike                Air            0%         N/A       98%         4
 Borgnjor's Vile Clutch   Necr/Erth      4%         N/A       98%         5
 Lee's Rapid Deconstruct  Erth           0%         3d5*      100%        5
 Death Channel            Necr           8%         N/A       100%        6


Dungeon Overview and Level Annotations

Branches:
Dungeon (10/15)            Temple (0/1) D:7            Lair (3/6) D:10
    Orc (1/2) D:9         Ossuary (visited)
  Swamp: Lair:2-4    Shoals: Lair:2-4     Snake: Lair:2-4    Spider: Lair:2-4

Shops:
D:2 [   D:3 (

Portals:
Abyss: D:7

Annotations:
D:7 2 transporters, HarveyMantaco's ghost, novice MiMo
D:10 exclusion: obsidian statue, crazypyro's ghost, novice DsFi


Innate Abilities, Weirdness & Mutations

You have an increased reservoir of magic. (+10% MP)
You shall have no god before yourself.
Your divine heritage dramatically boosts your attributes as you level up.


Message History

The killer bee barely misses you. x2; The killer bee stings you.
* * * LOW HITPOINT WARNING * * *
You climb upwards.
There is a stone staircase leading down, spattered with blood here.
Unknown command.
Aim the phial where?
Press: ? - help, Shift-Dir - straight line, f - killer bee
Aim: a killer bee (berserk)
The torrent of water misses the killer bee.
The wave splashes down.
The killer bee is engulfed in water.
The killer bee barely misses you.
The killer bee stings you but does no damage. x2
You feel much better. The killer bee stings you! The killer bee stings you.
* * * LOW HITPOINT WARNING * * *
The killer bee stings you.
* * * LOW HITPOINT WARNING * * *
Unknown command.
Casting: Teleport Other (dangerous; 9% risk of failure)
Confirm with . or Enter, or press ? or * to list all spells.
You blink.
Splash!
You fall into the shallow water.
Moving in this stuff is going to be slow.
The killer bee barely misses you. The killer bee misses you.
You block the killer bee's attack.
The killer bee stings you but does no damage.
The killer bee closely misses you.
Aiming: Polymorph
Press: ? - help, Shift-Dir - straight line, f/p - killer bee
Aim: a killer bee (berserk, waterlogged, will become a swamp drake, a steam dragon, or an acid dragon, chance to affect: 64%)
The killer bee struggles to resist.
The killer bee stings you.
* * * LOW HITPOINT WARNING * * *
The killer bee stings you.
* * * LOW HITPOINT WARNING * * *
The killer bee barely misses you.
You feel stable enough to blink again. The killer bee stings you!
* * * LOW HITPOINT WARNING * * *
The killer bee stings you!
You die...

........>................>.......
.................................
...........).....................
.................................
##.......#P##.#.#....#####.##....
.P......####.###....## #.##....
........##..≈.>##..#######.#.....
.#......##...≈≈##...#......#.....
.#......P#...≈≈y@..###....###....
.#.......#.....##..# #....# #....
.#.......#.....##..# #...####....
...............P#..####.P##......
P.........#.P#.##..#.##PP##......
.........##.###..................
.................................
##############...#######.#.##...#
##### #.#########


You could see a killer bee (berserk, waterlogged).

Vanquished Creatures
  2 hydras (Lair:2)
  3 death yaks
  2 black mambas (Lair:2)
  A torpor snail (Lair:3)
  6 cane toads
  2 komodo dragons (Lair:1)
  A troll (D:9)
  Prince Ribbit (D:6)
  Grinder (D:6)
  9 wyverns
  2 basilisks (Lair:3)
  12 yaks
  A steam dragon (Lair:3)
  A warg (D:9)
  6 water moccasins
  3 orc warriors
  A black bear (D:6)
  7 wolves
  3 centaurs
  2 elf zombies (Ossuary)
  4 kobold brigands
  3 gnoll sergeants
  3 scorpions
  10 bullfrogs
  15 killer bees
  5 wights
  5 electric eels
  2 howler monkeys
  A bullfrog zombie (D:6)
  4 centaur zombies
  3 human zombies (Ossuary)
  4 hounds
  4 orc priests
  A gnoll shaman (D:6)
  A bullfrog skeleton (D:6)
  2 iguanas
  5 orc wizards
  A killer bee zombie (D:8)
  A hound zombie (Ossuary)
  4 hound skeletons
  3 mummies (Ossuary)
  13 gnolls
  6 adders
  A howler monkey skeleton (D:4)
  A river rat (D:10)
  A white imp (D:7)
  An ufetubus (D:5)
  4 adder zombies (Ossuary)
  2 worms
  25 orcs
  8 endoplasms
  2 giant cockroaches
  2 gnoll zombies (Ossuary)
  11 goblins
  15 hobgoblins
  10 jackals
  4 quokkas
  13 ball pythons
  3 bats
  2 frilled lizards
  4 goblin zombies (Ossuary)
  4 hobgoblin zombies (Ossuary)
  2 jackal zombies (Ossuary)
  23 kobolds
  6 kobold zombies (Ossuary)
  3 orc zombies (Ossuary)
  2 quokka zombies (Ossuary)
  5 rats
  3 rat zombies (Ossuary)
323 creatures vanquished.

Vanquished Creatures (others)
  A scorpion (D:7)
  11 fungi
  21 plants
33 creatures vanquished.

Grand Total: 356 creatures vanquished

Notes
Turn   | Place    | Note
-------+----------+-------------------------------------------
     0 | D:1      | drugrobin the Demigod Warper began the quest for the Orb.
     0 | D:1      | Reached XP level 1. HP: 17/17 MP: 5/5
    56 | D:1      | Reached skill level 2 in Polearms
   214 | D:1      | Reached XP level 2. HP: 7/24 MP: 7/7
   840 | D:1      | Reached skill level 3 in Polearms
  1309 | D:2      | Learned a level 2 spell: Blink
  1313 | D:2      | Reached skill level 1 in Stealth
  1331 | D:2      | Reached XP level 3. HP: 25/29 MP: 8/8
  1433 | D:2      | Learned a level 3 spell: Teleport Other
  3099 | D:2      | Found Unaisir's Armour Shop.
  3439 | D:2      | Reached XP level 4. HP: 36/36 MP: 9/9
  3477 | D:2      | Noticed a phantom
  4199 | D:3      | Found Bawaf's Antique Weapon Boutique.
  4351 | D:2      | Reached skill level 4 in Polearms
  5455 | D:3      | Reached XP level 5. HP: 30/41 MP: 10/10
  5650 | D:4      | Reached skill level 5 in Polearms
  6117 | D:4      | Noticed a water moccasin
  6152 | D:4      | Killed a water moccasin
  6153 | D:4      | Reached XP level 6. HP: 20/48 MP: 4/11
  6374 | D:4      | Reached skill level 6 in Polearms
  6825 | D:5      | Entered Level 5 of the Dungeon
  7467 | D:5      | Identified the +0 pair of gloves of Impermeability {Rampage
                  | rElec rC- SInv}
  8040 | D:5      | Reached skill level 7 in Polearms
  8262 | D:6      | Reached XP level 7. HP: 38/53 MP: 12/12
  8368 | D:6      | Noticed Grinder
  8894 | D:7      | Reached skill level 8 in Polearms
  8957 | D:7      | Found a sand-covered staircase.
  8966 | Ossuary  | Entered an ossuary
  9769 | Ossuary  | Reached XP level 8. HP: 60/60 MP: 13/13
  9773 | Ossuary  | Reached skill level 9 in Polearms
  9958 | D:2      | Bought the +2 leather armour "Dotiorr" {rC- Slay+4} for 403
                  | gold pieces
 10391 | D:6      | Noticed Prince Ribbit
 10860 | D:7      | Noticed HarveyMantaco's ghost (novice MiMo)
 10874 | D:7      | Found a transporter.
 10878 | D:7      | Found a one-way gate to the infinite horrors of the Abyss.
 10880 | D:7      | Noticed a sixfirhy
 10887 | D:7      | Found a transporter.
 12185 | D:7      | Found a staircase to the Ecumenical Temple.
 12866 | D:8      | Reached skill level 5 in Translocations
 13103 | D:8      | Reached skill level 10 in Polearms
 14042 | D:9      | Reached XP level 9. HP: 62/67 MP: 14/14
 14497 | D:8      | Learned a level 1 spell: Summon Small Mammal
 14654 | D:9      | Reached skill level 1 in Summonings
 14822 | D:9      | Found a staircase to the Orcish Mines.
 15313 | D:9      | Reached skill level 11 in Polearms
 16091 | D:6      | Killed Grinder
 16200 | D:6      | Killed Prince Ribbit
 16875 | Orc:1    | Entered Level 1 of the Orcish Mines
 16966 | D:10     | Entered Level 10 of the Dungeon
 16984 | D:10     | Reached skill level 12 in Polearms
 17332 | D:10     | Noticed a death yak
 17701 | D:10     | Reached XP level 10. HP: 58/73 MP: 15/15
 17944 | D:10     | Learned a level 3 spell: Conjure Flame
 17981 | D:10     | Found a staircase to the Lair.
 17981 | D:10     | Noticed a death yak
 17989 | D:10     | Noticed a death yak
 18019 | D:10     | Killed a death yak
 18020 | D:10     | Reached skill level 13 in Polearms
 18416 | D:10     | Killed a death yak
 18647 | D:10     | Learned a level 1 spell: Apportation
 18699 | D:10     | Noticed an obsidian statue
 18704 | D:10     | Noticed a sun demon
 18964 | D:10     | Noticed crazypyro's ghost (novice DsFi)
 18965 | D:10     | Noticed a cyclops
 18965 | D:10     | Noticed a manticore
 18991 | Lair:1   | Entered Level 1 of the Lair of Beasts
 19793 | Lair:1   | Noticed an eight-headed hydra
 21199 | D:9      | Killed a death yak
 21200 | D:9      | Reached XP level 11. HP: 31/82 MP: 11/17
 21555 | D:3      | Bought a transparent bardiche for 238 gold pieces
 21555 | D:3      | Identified the +4 bardiche of Iconoclasm {pain, Will+} (You
                  | bought it in a shop on level 3 of the Dungeon)
 21912 | Lair:2   | Reached skill level 14 in Polearms
 22100 | Lair:2   | Learned a level 3 spell: Vampiric Draining
 22228 | Lair:2   | Reached skill level 1 in Necromancy
 22363 | Lair:2   | Noticed a four-headed hydra
 22580 | Lair:2   | Killed a four-headed hydra
 22980 | Lair:2   | Noticed a five-headed hydra
 23012 | Lair:2   | Killed a five-headed hydra
 23013 | Lair:2   | Reached skill level 5 in Fighting
 23418 | Lair:3   | Noticed a five-headed hydra
 24706 | Lair:3   | Noticed a six-headed hydra
 25355 | Lair:3   | Identified the +1 robe of Servitude {Will+} (You found it
                  | on level 3 of the Lair of Beasts)
 25404 | Lair:3   | Reached skill level 1 in Evocations
 26014 | Lair:3   | Reached skill level 5 in Necromancy
 26117 | Lair:2   | Mangled by a killer bee

Illustrated notes

Levels and vault maps discovered:
D:1:      dpeg_arrival_simpleton_c, layout_rooms,
          ebering_ecumenical_altar_sacrificial, minmay_ruptured
D:2:      layout_basic, serial_shops, nicolae_shop_advertising_works
          [nicolae_subvault_shop_adworks], nicolae_grassy_gnolls
D:3:      layout_rooms, mainiacjoe_overflow_boulevard, serial_shops,
          nicolae_shop_hallway_plus, minmay_goblin_kobold_house
D:4:      layout_basic, minmay_distorted
D:5:      layout_loops_ring, hangedman_decor_points, hangedman_decor_lopped,
          fountainhead
D:6:      layout_layer_cave, nicolae_overflow_squiral, uniq_prince_ribbit1,
          uniq_grinder
D:7:      layout_loops_ring, lemuel_temple_firewalk_b,
          lightli_ossuary_entry_decrepit_ruins, gammafunk_ghost_abyssal_escape
D:8:      layout_cave_pods, nicolae_concentric_dashed_squares_mild,
          nicolae_figureground_pulse
D:9:      layout_irregular_city, led_sif_pool, erik_orc_3,
          kennysheep_generic_room_16
D:10:     layout_roguey, dpeg_lair_monsters, gammafunk_ghost_berserking_beasts,
          minmay_protected_statue
Lair:1:   layout_cave_pods, grunt_megastairs_2, serial_bayou_shore_b
Lair:2:   layout_regular_city
Lair:3:   regret_index_bee_streams, layout_chaotic_city,
          amcnicky_mini_pool_medium, serial_bayou_shore_a, grunt_megastairs_3
Orc:1:    layout_diamond_mine

Skill      XL: |  1  2  3  4  5  6  7  8  9 10 11 |
---------------+----------------------------------+-----
Polearms       | 2 3 4 5 7 8 10 12 13 14 | 14.0
Stealth        | 1 2 |  2.0
Translocations | 5 6 |  6.0
Summonings     | 3 |  3.0
Conjurations   | 4 |  4.5
Fighting       | 3 6 |  6.6
Dodging        | 2 |  2.0
Necromancy     | 5 |  5.1
Evocations     | 2 |  2.4
Throwing       | |  0.8
Armour         | |  0.8
Spellcasting   | |  1.7

Action                   |  1- 3 |  4- 6 |  7- 9 | 10-12 || total
-------------------------+-------+-------+-------+-------++-------
Melee: Spear             |   219 |   151 |       |       ||   370
       Punch             |     2 |       |       |       ||     2
       Trident           |       |   103 |   535 |   337 ||   975
       Dagger            |       |       |    30 |     2 ||    32
 Fire: Hunting sling     |       |    16 |     9 |       ||    25
       Hand crossbow     |       |       |       |    84 ||    84
Throw: Stone             |    27 |    16 |    29 |       ||    72
       Boomerang         |     1 |     2 |    36 |    17 ||    56
       Dart              |       |     1 |    23 |     4 ||    28
       Throwing net      |       |       |       |     1 ||     1
 Cast: Blink             |       |    17 |     7 |    31 ||    55
       Teleport Other    |       |     2 |     3 |     1 ||     6
       Summon Small Mamm |       |       |    10 |     4 ||    14
       Apportation       |       |       |       |    14 ||    14
       Conjure Flame     |       |       |       |     9 ||     9
       Vampiric Draining |       |       |       |     6 ||     6
Evoke: Wand              |       |     3 |       |     1 ||     4
       Piece from Xom's  |       |       |     1 |     1 ||     2
       Phial of floods   |       |       |       |     1 ||     1
  Use: Scroll            |     1 |       |    10 |     5 ||    16
       Potion            |       |       |       |     1 ||     1
 Stab: Sleeping          |     2 |     2 |     3 |       ||     7
       Distracted        |       |     2 |     2 |       ||     4
       Held in net/web   |       |       |       |     1 ||     1
Armor: Leather armour    |    31 |    39 |   134 |    89 ||   293
Dodge: Dodged            |    69 |   107 |   197 |   159 ||   532
Block: Buckler           |     4 |    34 |    55 |    48 ||   141

Table legend: (Time is in decaauts)
 A = Elapsed time spent in this place.
 B = Non-inter-level travel time spent in this place.
 C = Inter-level travel time spent in this place.
 D = Time resting spent in this place.
 E = Time spent auto-exploring this place.
 F = Levels seen in this place.
 G = Mean time per level.
                   A        B        C        D        E       F      G
               +--------+--------+--------+--------+--------+-----+--------+
         Total |  26023 |  24317 |   1706 |   8469 |   8131 |  15 | 1734.9 |
       Dungeon |  19156 |  17593 |   1563 |   5638 |   6167 |  10 | 1915.6 |
          Lair |   6019 |   5877 |    142 |   2492 |   1795 |   3 | 2006.3 |
  Orcish Mines |      6 |      6 |      0 |      0 |      0 |   1 |    6.0 |
       Ossuary |    841 |    841 |      0 |    339 |    169 |   1 |  841.0 |
               +--------+--------+--------+--------+--------+-----+--------+

Top non-repeatable levels by time:
     D:6: 2829 daAuts
  Lair:2: 2806 daAuts
     D:2: 2290 daAuts
    D:10: 2253 daAuts
     D:9: 2235 daAuts
     D:1: 1937 daAuts
  Lair:1: 1927 daAuts
     D:8: 1885 daAuts
     D:3: 1536 daAuts
     D:4: 1481 daAuts
     D:7: 1374 daAuts
     D:5: 1332 daAuts
  Lair:3: 1284 daAuts
 Ossuary: 841 daAuts
   Orc:1: 6 daAuts
